 Dungeon Crawl Stone Soup version 0.30.0-19-g36f170ea60 (webtiles) character file.

Game seed: 1789077131248026512

10 hawla the Firebug (level 2, -12/20 HPs)
             Began as a Meteoran Fire Elementalist on May 30, 2023.
             Mangled by a gnoll
             ... wielding a +0 halberd
              (14 damage)
             ... on level 3 of the Dungeon.
             The game lasted 00:00:41 (65 turns).

hawla the Firebug (Meteoran Fire Elementalist)        Turns: 65, Time: 00:00:43

Health: -12/20     AC:  2    Str:  9    XL:     2   Next: 47%
Magic:  4/7        EV: 12    Int: 16    God:
Gold:   11         SH:  0    Dex: 14    Spells: 4/7 levels left

rFire   . . .        (no weapon)
rCold   . . .        (no shield)
rNeg    . . .        a - +0 robe
rPois   .            (no helmet)
rElec   .            (no cloak)
rCorr   .            (no gloves)
SInv    .            (no boots)
Will    .....        (no amulet)
Stlth   +            (no ring)
HPRegen 0.23/turn    (no ring)
MPRegen 0.10/turn

%: no passive effects
@: glowing
A: sense surroundings 1, otherworldly, glowing, explore regen
a: no special abilities


You were on level 3 of the Dungeon.
You visited 1 branch of the dungeon, and saw 3 of its levels.

You collected 11 gold pieces.

Inventory:

Armour
 a - a +0 robe (worn)
Scrolls
 c - a scroll of fear {unknown}
Potions
 b - a potion of magic


   Skills:
 + Level 2.5 Dodging
 + Level 1.4 Stealth
 + Level 3.0 Spellcasting
 + Level 1.2 Conjurations
 + Level 4.1 Fire Magic


You had 4 spell levels left.
You knew the following spells:

 Your Spells              Type           Power      Damage    Failure   Level
a - Foxfire               Conj/Fire      40%        2x1d6     6%          1
b - Scorch                Fire           30%        2d6       5%          2

Your spell library contained the following spells:

 Spells                   Type           Power      Damage    Failure   Level
 Inner Flame              Hex/Fire       8%         N/A       24%         3
 Volatile Blastmotes      Fire/Tloc      16%        2d11      24%         3
 Flame Wave               Conj/Fire      10%        2d6       52%         4


Dungeon Overview and Level Annotations

Branches:
Dungeon (3/15) Zot: 1733

Altars:
Makhleb


Innate Abilities, Weirdness & Mutations

You passively map a small area around you.
You are easily found by Zot.
You glow in the dark.
You regain HP and MP as you explore.


Message History

You conjure some foxfire!
The foxfire hits the gnoll.
You kill the gnoll!
Your Spellcasting skill increases to level 3!
Your Fire Magic skill increases to level 4!
You have reached level 2!
Memorise Scorch, consuming 2 spell levels and leaving 4?
You start memorising the spell.
You continue memorising. x2
You finish memorising.
Spell assigned to 'b'.
Okay, then.
A gnoll comes into view. It is wielding a +0 spear.
Found 4 stones.
Found a stone staircase leading up.
The gnoll shouts!
A gnoll comes into view. It is wielding a +0 whip.
A gnoll comes into view. It is wielding a +0 halberd.
The gnoll shouts! x2
You see here a +0 club.
The gnoll barely misses you. The gnoll closely misses you.
There is a stone staircase leading up here.
Casting: Foxfire (safe; 6% risk of failure)
Confirm with . or Enter, or press ? or * to list all spells.
Flames lash the gnoll.
The gnoll is severely wounded.
The gnoll's fire resistance burns away.
The gnoll hits you from afar with a +0 halberd!
Ouch! That really hurt!
The gnoll barely misses you.
The gnoll hits you from afar with a +0 spear.
* * * LOW HITPOINT WARNING * * *
Unknown command.
Okay, then.
Casting: Scorch (safe; 5% risk of failure)
Confirm with . or Enter, or press ? or * to list all spells.
Flames lash the gnoll.
The gnoll is burned terribly!
You kill the gnoll!
The gnoll hits you from afar with a +0 spear.
* * * LOW HITPOINT WARNING * * *
The gnoll hits you from afar with a +0 halberd!
Ouch! That really hurt!
You die...

#############
#...........# *
#...........# ,
#...........# ,
..######)##.....)#
.........#######.#
......g........# #
.......)@...##.# *
,, ......g......#
* * ,
........(....# * *
.............# * ,
, ,........##.###
* , ,........#*..,
, ....... *### ,
***#.####. * , * ,
*


You could see 2 gnolls.

Vanquished Creatures
  2 gnolls (D:3)
  A bat (D:1)
3 creatures vanquished.

Vanquished Creatures (others)
  6 foxfires
6 creatures vanquished.

Grand Total: 9 creatures vanquished

Notes
Turn   | Place    | Note
-------+----------+-------------------------------------------
     0 | D:1      | hawla the Meteoran Fire Elementalist began the quest for
                  | the Orb.
     0 | D:1      | Reached XP level 1. HP: 14/14 MP: 5/5
     9 | D:2      | Found a burning altar of Makhleb.
    55 | D:3      | Reached skill level 4 in Fire Magic
    55 | D:3      | Reached XP level 2. HP: 20/20 MP: 4/7
    58 | D:3      | Learned a level 2 spell: Scorch
    65 | D:3      | Mangled by a gnoll

Illustrated notes

Levels and vault maps discovered:
D:1:      ebering_trefoil_twist, layout_loops_cross
D:2:      layout_loops_ring, basic_altar, minivault_19, minmay_small_reverse_x
D:3:      layout_basic, mainiacjoe_overflow_tiny_flanked,
          nicolae_qazlal_style_of_elements

Skill      XL: |  1 |
---------------+----+-----
Spellcasting   | 3 |  3.0
Fire Magic     | 4 |  4.1
Dodging        | |  2.5
Stealth        | |  1.4
Conjurations   | |  1.2

Action                     || total
---------------------------++-------
   Cast: Foxfire           ||     4
         Scorch            ||     2
  Dodge: Dodged            ||     3
